New York Rangers vs Hartford Whalers

Created - Sunday, October 19, 2025 at 10:41

Goals
1 2 3 T
New York Rangers 2 2 0 4
Hartford Whalers 1 1 0 2
Shots
1 2 3 T
New York Rangers 12 11 10 33
Hartford Whalers 19 17 2 38

1st period

1. New York Rangers , Cole Caufield 29 (Artemi Panarin 39, Nathan MacKinnon 48) at 7:54
2. New York Rangers , Timo Meier 13 (Teuvo Teravainen 16, David Kampf 7) at 14:03
3. Hartford Whalers , Sidney Crosby 14 (Jordan Kyrou 29, Pierre-Luc Dubois 33) at 14:16

Penalties :
Kevin Lankinen (NYR) for Slashing (Minor) at 5:36 - Adam Larsson served the penalty, Anders Lee (HFD) for Tripping (Minor) at 8:18, Kaiden Guhle (HFD) for Roughing (Minor) at 17:37

2nd period

4. Hartford Whalers , Nick Suzuki 28 (Dylan Guenther 37) at 14:35 (PP)
5. New York Rangers , Marcus Foligno 10 (Teuvo Teravainen 17, Timo Meier 17) at 15:44
6. New York Rangers , Nathan MacKinnon 36 (Jake Walman 21, Artemi Panarin 40) at 19:22

Penalties :
Conor Garland (NYR) for Holding (Minor) at 14:04, Simon Edvinsson (HFD) for Hooking (Minor) at 15:47, Devon Toews (HFD) for Holding Stick (Minor) at 19:31

3rd period

No Goal

Penalties :
Timo Meier (NYR) for Tripping (Minor) at 4:47, Pierre-Luc Dubois (HFD) for Goalie Interference (Minor) at 13:23

Goalie Stats

Kevin Lankinen (NYR), 36 saves from 38 shots - (0.947), W, 4-3-1, 60:00 minutes
Samuel Montembeault (HFD), 29 saves from 33 shots - (0.879), L, 22-22-4, 60:00 minutes

Players Stats for New York Rangers

Player Name              G  A  P  +/- PIM S  H  SB GA TA FO     MP     PP MP  PK MP  
------------------------------------------------------------------------------------
Adam Larsson             0  0  0   2  0   2  0  3  1  1  0/0    16:50   0:00   1:57 
Artemi Panarin           0  2  2   1  0   8  0  0  0  0  0/3    21:29   5:49   0:00 
Cam Fowler               0  0  0   1  0   0  1  0  1  0  0/0    18:36   3:30   0:49 
Cole Caufield            1  0  1   1  0   4  0  0  0  0  0/0    21:36   5:57   0:00 
Conor Garland            0  0  0   0  2   1  2  1  1  0  0/3    16:23   3:50   0:00 
David Kampf              0  1  1   0  0   1  0  0  0  1  2/4     9:45   0:16   2:11 
Dmitry Kulikov           0  0  0   1  0   0  0  1  0  0  0/0    14:55   0:00   2:08 
Dylan Strome             0  0  0   0  0   5  1  1  1  0  8/13   16:37   3:50   0:09 
Jake Walman              0  1  1   2  0   3  0  1  0  0  0/0    25:13   6:25   1:08 
Luke Schenn              0  0  0   0  0   0  0  2  0  0  0/0    13:53   0:00   0:00 
Marcus Foligno           1  0  1   2  0   1  0  0  0  0  1/1    12:45   0:00   2:11 
Mikael Granlund          0  0  0   0  0   3  3  0  0  1  2/2    22:26   6:25   1:20 
Nathan MacKinnon         1  1  2   1  0   3  1  0  2  0  16/31  21:47   5:57   0:00 
Noel Acciari             0  0  0   0  0   1  0  0  0  0  0/0     7:35   0:00   0:49 
Olli Maatta              0  0  0   0  0   0  0  2  0  1  0/0    16:09   0:00   2:56 
Teuvo Teravainen         0  2  2   2  0   0  1  0  0  0  1/5    15:17   3:30   0:09 
Timo Meier               1  1  2   2  2   1  1  0  1  0  0/0    14:33   3:50   0:00 
Tyler Motte              0  0  0   0  0   0  2  0  0  0  0/0     9:40   0:16   2:09 

Players Stats for Hartford Whalers

Player Name              G  A  P  +/- PIM S  H  SB GA TA FO     MP     PP MP  PK MP  
------------------------------------------------------------------------------------
Anders Lee               0  0  0  -2  2   6  2  0  0  0  1/1    13:15   0:18   3:26 
Anthony Cirelli          0  0  0  -1  0   2  1  1  0  0  0/2    18:41   0:00   5:16 
Braden Schneider         0  0  0  -4  0   0  1  0  0  0  0/0    15:00   0:43   0:06 
Devon Toews              0  0  0  -4  2   0  1  4  0  0  0/0    21:19   1:17   4:09 
Dylan Guenther           0  1  1  -1  0   2  1  0  0  1  0/0    14:11   1:50   0:16 
Jonathan Drouin          0  0  0  -1  0   3  0  0  0  0  0/0    12:52   1:51   0:00 
Jordan Kyrou             0  1  1   1  0   6  1  1  1  0  0/0    14:04   1:42   0:00 
Joshua Norris            0  0  0  -1  0   5  3  1  1  1  12/18  19:03   1:42   5:04 
Kaapo Kakko              0  0  0  -2  0   1  1  0  0  0  0/0     9:49   0:43   0:03 
Kaiden Guhle             0  0  0   0  2   0  0  2  0  0  0/0    19:54   0:00   4:42 
Matthew Coronato         0  0  0  -2  0   3  1  1  0  0  2/5    11:00   2:23   0:00 
Nick Suzuki              1  0  1  -1  0   3  0  0  1  0  9/17   18:39   2:04   4:36 
Pierre-Luc Dubois        0  1  1   1  2   3  6  0  1  1  0/1    16:22   2:39   1:09 
Seth Jones               0  0  0   1  0   1  2  1  0  3  1/1    26:33   1:13   5:12 
Sidney Crosby            1  0  1   1  0   3  0  0  0  0  7/16   13:50   2:04   0:00 
Simon Edvinsson          0  0  0   0  2   0  0  0  0  0  0/0    16:28   0:40   0:41 
Tyson Foerster           0  0  0  -1  0   0  1  0  0  0  0/1    10:31   0:00   0:00 
Vladislav Gavrikov       0  0  0   1  0   0  0  0  0  1  0/0    18:29   1:16   5:00 

3 Stars

1 - Nathan MacKinnon (NYR)
2 - Kevin Lankinen (NYR)
3 - Timo Meier (NYR)

Power Play

New York Rangers - 0 on 5 Attempt(s) - 0.00%
Hartford Whalers - 1 on 3 Attempt(s) - 33.33%

Penalty Kill

New York Rangers - 2 on 3 Attempt(s) - 66.67% - Score 0 goal in Penalty Kill
Hartford Whalers - 5 on 5 Attempt(s) - 100.00% - Score 0 goal in Penalty Kill

Team Stat

New York Rangers - Hits : 12 - Faceoff Wins : 30 - Blocked Shots : 11 - Penalty Minutes : 6
Hartford Whalers - Hits : 21 - Faceoff Wins : 32 - Blocked Shots : 11 - Penalty Minutes : 10

Official

Referees : Justin St. Pierre and Pierre Lambert
Linesman : Devin Berg

Game Notes

No Game Note

Finance

Level 1 -- Attendance: 6000 (100.00%) -- Ticket Income $510,000
Level 2 -- Attendance: 4360 (87.20%) -- Ticket Income $239,800
Level 3 -- Attendance: 2622 (87.40%) -- Ticket Income $78,660
Level 4 -- Attendance: 5000 (100.00%) -- Ticket Income $100,000
Luxury Box -- Attendance: 1000 (100.00%) -- Ticket Income $190,000
Game was played at the Hartford Civic Center.
Total Attendance: 18982 (94.91%)
Total Ticket Income: $1,118,460
Other Income: $391,461
Total Income: $1,509,921

New York Rangers

5 vs 5 Forward 
   Center                   Left Wing                Right Wing               Time % Phy DF OF 
 1 Nathan MacKinnon         Cole Caufield            Artemi Panarin           38     0   2  3  
 2 Dylan Strome             Conor Garland            Mikael Granlund          30     1   1  3  
 3 Teuvo Teravainen         Timo Meier               Marcus Foligno           22     2   1  2  
 4 Noel Acciari             David Kampf              Tyler Motte              10     1   3  1  

5 vs 5 Defense 
   Defense                  Defense                                           Time % Phy DF OF 
 1 Jake Walman              Adam Larsson                                      36     1   2  2  
 2 Olli Maatta              Luke Schenn                                       34     1   2  2  
 3 Cam Fowler               Dmitry Kulikov                                    30     1   2  2  
 4 Jake Walman              Adam Larsson                                      0      1   2  2  

PowerPlay Forward 
   Center                   Left Wing                Right Wing               Time % Phy DF OF 
 1 Nathan MacKinnon         Cole Caufield            Artemi Panarin           60     0   1  4  
 2 Dylan Strome             Timo Meier               Conor Garland            40     0   1  4  

PowerPlay Defense
   Defense                  Defense                                           Time % Phy DF OF 
 1 Mikael Granlund          Jake Walman                                       60     1   1  3  
 2 Cam Fowler               Teuvo Teravainen                                  40     1   1  3  

Penalty Kill 4 Players Forward 
   Center                   Wing                     Time % Phy DF OF 
 1 David Kampf              Marcus Foligno           50     1   3  1  
 2 Mikael Granlund          Tyler Motte              50     1   3  1  

Penalty Kill 4 Players Defense
   Defense                  Defense                  Time % Phy DF OF 
 1 Jake Walman              Dmitry Kulikov           50     1   3  1  
 2 Adam Larsson             Olli Maatta              50     1   3  1  

Penalty Kill - 3 Players Forward 
   Forward                                           Time % Phy DF OF 
 1 Noel Acciari                                      50     1   4  0  
 2 Mikael Granlund                                   50     1   4  0  

Penalty Kill - 3 Players Defense
   Defense                  Defense                  Time % Phy DF OF 
 1 Dmitry Kulikov           Jake Walman              50     1   3  1  
 2 Adam Larsson             Olli Maatta              50     1   3  1  

4 vs 4 Forward 
   Center                   Wing                     Time % Phy DF OF 
 1 Nathan MacKinnon         Mikael Granlund          50     1   2  2  
 2 Artemi Panarin           Cole Caufield            50     1   2  2  

4 vs 4 Defense
   Defense                  Defense                  Time % Phy DF OF 
 1 Olli Maatta              Adam Larsson             50     1   2  2  
 2 Jake Walman              Luke Schenn              50     1   2  2  

Last Minutes Offensive
   Center                   Left Wing                Right Wing               Defense                  Defense                  
   Nathan MacKinnon         Cole Caufield            Artemi Panarin           Cam Fowler               Jake Walman              

Last Minutes Defensive
   Center                   Left Wing                Right Wing               Defense                  Defense                  
   Noel Acciari             Mikael Granlund          Marcus Foligno           Jake Walman              Adam Larsson             

Goaltenders
Starting : Kevin Lankinen           
Backup : Igor Shesterkin          

Extra Forwards
Normal : Dylan Strome, Teuvo Teravainen, Mikael Granlund - PP : Dylan Strome, Teuvo Teravainen - PK : Mikael Granlund
Extra Defensemen
Normal : Cam Fowler, Dmitry Kulikov, Jake Walman - PP : Cam Fowler - PK : Dmitry Kulikov, Jake Walman
Penalty Shots
Nathan MacKinnon, Artemi Panarin, Cole Caufield, Mikael Granlund, Teuvo Teravainen

Scratches
Nicolas Hague (Healthy)

Hartford Whalers

5 vs 5 Forward 
   Center                   Left Wing                Right Wing               Time % Phy DF OF 
 1 Nick Suzuki              Dylan Guenther           Anthony Cirelli          30     1   1  3  
 2 Sidney Crosby            Pierre-Luc Dubois        Jordan Kyrou             30     1   1  3  
 3 Joshua Norris            Jonathan Drouin          Tyson Foerster           25     1   1  3  
 4 Matthew Coronato         Anders Lee               Kaapo Kakko              15     1   3  1  

5 vs 5 Defense 
   Defense                  Defense                                           Time % Phy DF OF 
 1 Vladislav Gavrikov       Seth Jones                                        30     1   2  2  
 2 Devon Toews              Braden Schneider                                  30     1   2  2  
 3 Kaiden Guhle             Simon Edvinsson                                   25     1   2  2  
 4 Simon Edvinsson          Seth Jones                                        15     1   2  2  

PowerPlay Forward 
   Center                   Left Wing                Right Wing               Time % Phy DF OF 
 1 Sidney Crosby            Dylan Guenther           Nick Suzuki              50     0   1  4  
 2 Joshua Norris            Pierre-Luc Dubois        Jordan Kyrou             50     0   1  4  

PowerPlay Defense
   Defense                  Defense                                           Time % Phy DF OF 
 1 Jonathan Drouin          Seth Jones                                        50     1   2  2  
 2 Matthew Coronato         Devon Toews                                       50     1   2  2  

Penalty Kill 4 Players Forward 
   Center                   Wing                     Time % Phy DF OF 
 1 Nick Suzuki              Anders Lee               50     1   2  2  
 2 Joshua Norris            Anthony Cirelli          50     1   2  2  

Penalty Kill 4 Players Defense
   Defense                  Defense                  Time % Phy DF OF 
 1 Kaiden Guhle             Seth Jones               50     1   2  2  
 2 Vladislav Gavrikov       Devon Toews              50     1   2  2  

Penalty Kill - 3 Players Forward 
   Forward                                           Time % Phy DF OF 
 1 Joshua Norris                                     50     1   2  2  
 2 Anthony Cirelli                                   50     1   2  2  

Penalty Kill - 3 Players Defense
   Defense                  Defense                  Time % Phy DF OF 
 1 Vladislav Gavrikov       Seth Jones               50     1   2  2  
 2 Kaiden Guhle             Braden Schneider         50     1   2  2  

4 vs 4 Forward 
   Center                   Wing                     Time % Phy DF OF 
 1 Sidney Crosby            Nick Suzuki              50     0   1  4  
 2 Joshua Norris            Jordan Kyrou             50     0   2  3  

4 vs 4 Defense
   Defense                  Defense                  Time % Phy DF OF 
 1 Devon Toews              Seth Jones               50     1   2  2  
 2 Vladislav Gavrikov       Braden Schneider         50     1   2  2  

Last Minutes Offensive
   Center                   Left Wing                Right Wing               Defense                  Defense                  
   Sidney Crosby            Dylan Guenther           Nick Suzuki              Jonathan Drouin          Braden Schneider         

Last Minutes Defensive
   Center                   Left Wing                Right Wing               Defense                  Defense                  
   Anthony Cirelli          Joshua Norris            Anders Lee               Kaiden Guhle             Seth Jones               

Goaltenders
Starting : Samuel Montembeault      
Backup : Spencer Knight           

Extra Forwards
Normal : Dylan Guenther, Anders Lee, Jonathan Drouin - PP : Sidney Crosby, Dylan Guenther - PK : Anders Lee
Extra Defensemen
Normal : Braden Schneider, Kaiden Guhle, Vladislav Gavrikov - PP : Braden Schneider - PK : Kaiden Guhle, Vladislav Gavrikov
Penalty Shots
Nick Suzuki, Sidney Crosby, Pierre-Luc Dubois, Joshua Norris, Kaapo Kakko

Scratches
Chaz Lucius (Healthy), Filip Mesar (Healthy), Dylan Garand (Healthy)

% Time on Ice - New York Rangers

Lines # - Real PCT - Wanted PCT - Time Play
Normal Forward
1 - 36% - 38% - 16:12
2 - 26% - 30% - 11:56
3 - 24% - 22% - 11:04
4 - 14% - 10% - 6:24
Normal Defense
1 - 38% - 36% - 17:28
2 - 35% - 34% - 16:01
3 - 27% - 30% - 12:07
4 - 0% - 0% - 0:00
PP Forward
1 - 61% - 60% - 6:05
2 - 39% - 40% - 3:50
PP Defense
1 - 65% - 60% - 6:25
2 - 35% - 40% - 3:30
PK Forward
1 - 70% - 50% - 3:09
2 - 30% - 50% - 1:20
PK Defense
1 - 26% - 50% - 1:09
2 - 74% - 50% - 3:20
PK3 Forward
1 - 0% - 50%
2 - 0% - 50%
PK3 Defense
1 - 0% - 50%
2 - 0% - 50%
44 Forward
1 - 0% - 50%
2 - 0% - 50%
44 Defense
1 - 0% - 50%
2 - 0% - 50%
Last Minute Offensive  - 0:00
Last Minute Defensive  - 0:00
Total
Forward - 60:00
Defense - 60:00

% Time on Ice - Hartford Whalers

Lines # - Real PCT - Wanted PCT - Time Play
Normal Forward
1 - 25% - 30% - 11:20
2 - 34% - 30% - 15:29
3 - 20% - 25% - 9:13
4 - 21% - 15% - 9:34
Normal Defense
1 - 35% - 30% - 16:04
2 - 32% - 30% - 14:36
3 - 23% - 25% - 10:18
4 - 10% - 15% - 4:38
PP Forward
1 - 62% - 50% - 2:47
2 - 38% - 50% - 1:42
PP Defense
1 - 41% - 50% - 1:51
2 - 59% - 50% - 2:38
PK Forward
1 - 49% - 50% - 4:51
2 - 51% - 50% - 5:04
PK Defense
1 - 53% - 50% - 5:18
2 - 47% - 50% - 4:37
PK3 Forward
1 - 0% - 50%
2 - 0% - 50%
PK3 Defense
1 - 0% - 50%
2 - 0% - 50%
44 Forward
1 - 0% - 50%
2 - 0% - 50%
44 Defense
1 - 0% - 50%
2 - 0% - 50%
Last Minute Offensive  - 0:00
Last Minute Defensive  - 0:00
Total
Forward - 60:00
Defense - 60:00

Play-by-Play

1st period


0:01 of 1st period - Nick Suzuki wins face-off versus Artemi Panarin in neutral zone.
0:08 of 1st period - Slapshot by Nathan MacKinnon.
0:08 of 1st period - Deflect By Cole Caufield.
0:08 of 1st period - Stopped by Samuel Montembeault without a rebound.
0:09 of 1st period - Nathan MacKinnon wins face-off versus Nick Suzuki in Hartford Whalers zone.
0:32 of 1st period - Wrist shot by Nathan MacKinnon.
0:32 of 1st period - Shot Misses the Net.
0:42 of 1st period - Wrist shot by Anthony Cirelli.
0:42 of 1st period - Stopped by Kevin Lankinen with a rebound.
0:44 of 1st period - Wrist shot by Anthony Cirelli.
0:44 of 1st period - Stopped by Kevin Lankinen without a rebound.
0:45 of 1st period - Dylan Strome wins face-off versus Sidney Crosby in New York Rangers zone.
0:45 of 1st period - Dylan Strome is hit by Pierre-Luc Dubois.
0:55 of 1st period - Slapshot by Dylan Strome.
0:55 of 1st period - Stopped by Samuel Montembeault with a rebound.
0:57 of 1st period - Slapshot by Luke Schenn.
0:57 of 1st period - Shot Blocked by Devon Toews.
0:59 of 1st period - Slapshot by Olli Maatta.
0:59 of 1st period - Deflect By Dylan Strome.
0:59 of 1st period - Stopped by Samuel Montembeault without a rebound.
1:00 of 1st period - Joshua Norris wins face-off versus Teuvo Teravainen in Hartford Whalers zone.
1:30 of 1st period - Slapshot by Conor Garland.
1:30 of 1st period - Shot Misses the Net.
1:43 of 1st period - Icing by Dmitry Kulikov.
1:44 of 1st period - Sidney Crosby wins face-off versus Dylan Strome in New York Rangers zone.
2:01 of 1st period - Wrist shot by Jordan Kyrou.
2:01 of 1st period - Shot Misses the Net.
2:39 of 1st period - Snap shot by Matthew Coronato.
2:39 of 1st period - Shot Misses the Net.
2:41 of 1st period - Slapshot by Simon Edvinsson.
2:41 of 1st period - Deflect By Anders Lee.
2:41 of 1st period - Stopped by Kevin Lankinen with a rebound.
2:43 of 1st period - Snap shot by Anders Lee.
2:43 of 1st period - Stopped by Kevin Lankinen without a rebound.
2:44 of 1st period - Sidney Crosby wins face-off versus Nathan MacKinnon in New York Rangers zone.
2:49 of 1st period - Wrist shot by Jordan Kyrou.
2:49 of 1st period - Stopped by Kevin Lankinen with a rebound.
2:51 of 1st period - Snap shot by Pierre-Luc Dubois.
2:51 of 1st period - Shot Blocked by Olli Maatta.
2:53 of 1st period - Snap shot by Jordan Kyrou.
2:53 of 1st period - Stopped by Kevin Lankinen without a rebound.
2:54 of 1st period - Nathan MacKinnon wins face-off versus Sidney Crosby in New York Rangers zone.
3:07 of 1st period - Snap shot by Sidney Crosby.
3:07 of 1st period - Shot Blocked by Luke Schenn.
3:09 of 1st period - Wrist shot by Pierre-Luc Dubois.
3:09 of 1st period - Deflect By Nathan MacKinnon.
3:09 of 1st period - Shot Blocked by Luke Schenn.
3:09 of 1st period - Puck is out of play.
3:10 of 1st period - Nick Suzuki wins face-off versus Teuvo Teravainen in New York Rangers zone.
3:13 of 1st period - Snap shot by Dylan Guenther.
3:13 of 1st period - Stopped by Kevin Lankinen with a rebound.
3:23 of 1st period - Snap shot by Teuvo Teravainen.
3:23 of 1st period - Shot Misses the Net.
3:40 of 1st period - Wrist shot by Noel Acciari.
3:40 of 1st period - Stopped by Samuel Montembeault with a rebound.
3:42 of 1st period - Snap shot by David Kampf.
3:42 of 1st period - Stopped by Samuel Montembeault with a rebound.
4:06 of 1st period - Snap shot by Mikael Granlund.
4:06 of 1st period - Stopped by Samuel Montembeault with a rebound.
4:30 of 1st period - Wrist shot by Artemi Panarin.
4:30 of 1st period - Stopped by Samuel Montembeault with a rebound.
5:00 of 1st period - Seth Jones is hit by Tyler Motte.
5:24 of 1st period - Snap shot by Anders Lee.
5:24 of 1st period - Stopped by Kevin Lankinen with a rebound.
5:26 of 1st period - Backhand shot by Anders Lee.
5:26 of 1st period - Shot Blocked by Dmitry Kulikov.
5:28 of 1st period - Snap shot by Anders Lee.
5:28 of 1st period - Stopped by Kevin Lankinen without a rebound.
5:29 of 1st period - Joshua Norris wins face-off versus Nathan MacKinnon in New York Rangers zone.
5:32 of 1st period - Snap shot by Joshua Norris.
5:32 of 1st period - Deflect By Tyson Foerster.
5:32 of 1st period - Shot Blocked by Jake Walman.
5:32 of 1st period - Puck is out of play.
5:33 of 1st period - Joshua Norris wins face-off versus Nathan MacKinnon in New York Rangers zone.
5:36 of 1st period - Snap shot by Joshua Norris.
5:36 of 1st period - Stopped by Kevin Lankinen without a rebound.
5:36 of 1st period - Minor Penalty to Kevin Lankinen for Slashing.
5:37 of 1st period - Joshua Norris wins face-off versus David Kampf in New York Rangers zone.
6:12 of 1st period - Snap shot by Tyler Motte.
6:12 of 1st period - Deflect By Devon Toews.
6:12 of 1st period - Shot Blocked by Matthew Coronato.
6:12 of 1st period - Puck is out of play.
6:13 of 1st period - Mikael Granlund wins face-off versus Joshua Norris in Hartford Whalers zone.
6:52 of 1st period - Wrist shot by Pierre-Luc Dubois.
6:52 of 1st period - Stopped by Kevin Lankinen with a rebound.
7:29 of 1st period - Cam Fowler is hit by Pierre-Luc Dubois and loses puck.
7:36 of 1st period - Penalty to Adam Larsson is over, Adam Larsson is back on ice.
7:40 of 1st period - Wrist shot by Jordan Kyrou.
7:40 of 1st period - Stopped by Kevin Lankinen with a rebound.
7:46 of 1st period - Wrist shot by Adam Larsson.
7:46 of 1st period - Shot Misses the Net.
7:48 of 1st period - Snap shot by Adam Larsson.
7:48 of 1st period - Stopped by Samuel Montembeault without a rebound.
7:49 of 1st period - Nathan MacKinnon wins face-off versus Matthew Coronato in Hartford Whalers zone.
7:52 of 1st period - Slapshot by Artemi Panarin.
7:52 of 1st period - Stopped by Samuel Montembeault with a rebound.
7:54 of 1st period - Snap shot by Cole Caufield.
7:54 of 1st period - Goal by Cole Caufield - New York Rangers : 1 - Hartford Whalers : 0.
7:55 of 1st period - Nathan MacKinnon wins face-off versus Matthew Coronato in neutral zone.
8:01 of 1st period - Off-side.
8:02 of 1st period - Matthew Coronato wins face-off versus Nathan MacKinnon in neutral zone.
8:18 of 1st period - Minor Penalty to Anders Lee for Tripping.
8:19 of 1st period - Nathan MacKinnon wins face-off versus Nick Suzuki in Hartford Whalers zone.
9:07 of 1st period - Cam Fowler is hit by Pierre-Luc Dubois.
10:18 of 1st period - Penalty to Anders Lee is over, Anders Lee is back on ice.
11:37 of 1st period - Jake Walman is hit by Dylan Guenther and loses puck.
11:42 of 1st period - Snap shot by Nick Suzuki.
11:42 of 1st period - Shot Misses the Net.
12:06 of 1st period - Jake Walman is hit by Seth Jones and loses puck.
13:25 of 1st period - Wrist shot by Jonathan Drouin.
13:25 of 1st period - Stopped by Kevin Lankinen without a rebound.
13:26 of 1st period - Joshua Norris wins face-off versus Dylan Strome in New York Rangers zone.
13:31 of 1st period - Snap shot by Jonathan Drouin.
13:31 of 1st period - Stopped by Kevin Lankinen with a rebound.
13:47 of 1st period - Slapshot by Nathan MacKinnon.
13:47 of 1st period - Shot Blocked by Devon Toews.
14:03 of 1st period - Snap shot by Timo Meier.
14:03 of 1st period - Goal by Timo Meier - New York Rangers : 2 - Hartford Whalers : 0.
14:04 of 1st period - Sidney Crosby wins face-off versus Nathan MacKinnon in neutral zone.
14:07 of 1st period - Nathan MacKinnon is hit by Pierre-Luc Dubois and loses puck.
14:12 of 1st period - Wrist shot by Pierre-Luc Dubois.
14:12 of 1st period - Shot Misses the Net.
14:14 of 1st period - Snap shot by Jordan Kyrou.
14:14 of 1st period - Shot Misses the Net.
14:16 of 1st period - Wrist shot by Sidney Crosby.
14:16 of 1st period - Goal by Sidney Crosby - New York Rangers : 2 - Hartford Whalers : 1.
14:17 of 1st period - Sidney Crosby wins face-off versus Dylan Strome in neutral zone.
14:28 of 1st period - Jordan Kyrou is hit by Conor Garland.
14:49 of 1st period - Wrist shot by Jordan Kyrou.
14:49 of 1st period - Shot Blocked by Adam Larsson.
14:51 of 1st period - Snap shot by Sidney Crosby.
14:51 of 1st period - Shot Blocked by Adam Larsson.
15:06 of 1st period - Snap shot by Sidney Crosby.
15:06 of 1st period - Stopped by Kevin Lankinen with a rebound.
15:10 of 1st period - Wrist shot by Sidney Crosby.
15:10 of 1st period - Stopped by Kevin Lankinen with a rebound.
15:12 of 1st period - Snap shot by Pierre-Luc Dubois.
15:12 of 1st period - Deflect By Jake Walman.
15:12 of 1st period - Shot Misses the Net.
15:12 of 1st period - Puck is out of play.
15:13 of 1st period - Joshua Norris wins face-off versus Nathan MacKinnon in New York Rangers zone.
15:50 of 1st period - Wrist shot by Conor Garland.
15:50 of 1st period - Deflect By Dylan Strome.
15:50 of 1st period - Stopped by Samuel Montembeault without a rebound.
15:51 of 1st period - Nathan MacKinnon wins face-off versus Nick Suzuki in Hartford Whalers zone.
16:41 of 1st period - Snap shot by Pierre-Luc Dubois.
16:41 of 1st period - Stopped by Kevin Lankinen with a rebound.
17:05 of 1st period - Tyler Motte is hit by Matthew Coronato and loses puck.
17:12 of 1st period - Snap shot by Matthew Coronato.
17:12 of 1st period - Stopped by Kevin Lankinen with a rebound.
17:37 of 1st period - Minor Penalty to Kaiden Guhle for Roughing.
17:38 of 1st period - Joshua Norris wins face-off versus Nathan MacKinnon in Hartford Whalers zone.
18:04 of 1st period - Devon Toews is hit by Mikael Granlund and loses puck.
19:13 of 1st period - Anthony Cirelli is hit by Conor Garland.
19:37 of 1st period - Penalty to Kaiden Guhle is over, Kaiden Guhle is back on ice.
Goals for this period are 2 for New York Rangers vs 1 for Hartford Whalers.
Shots for this period are 12 for New York Rangers vs 19 for Hartford Whalers.

2nd period


0:01 of 2nd period - Nathan MacKinnon wins face-off versus Nick Suzuki in neutral zone.
0:32 of 2nd period - Snap shot by Jordan Kyrou.
0:32 of 2nd period - Stopped by Kevin Lankinen with a rebound.
0:34 of 2nd period - Wrist shot by Jordan Kyrou.
0:34 of 2nd period - Shot Misses the Net.
0:36 of 2nd period - Wrist shot by Jordan Kyrou.
0:36 of 2nd period - Stopped by Kevin Lankinen with a rebound.
0:38 of 2nd period - Wrist shot by Pierre-Luc Dubois.
0:38 of 2nd period - Shot Misses the Net.
0:40 of 2nd period - Slapshot by Jordan Kyrou.
0:40 of 2nd period - Shot Blocked by Adam Larsson.
1:13 of 2nd period - Off-side.
1:14 of 2nd period - Matthew Coronato wins face-off versus Nathan MacKinnon in neutral zone.
1:19 of 2nd period - Slapshot by Matthew Coronato.
1:19 of 2nd period - Shot Misses the Net.
1:54 of 2nd period - Slapshot by Nathan MacKinnon.
1:54 of 2nd period - Shot Misses the Net.
1:56 of 2nd period - Snap shot by Artemi Panarin.
1:56 of 2nd period - Shot Misses the Net.
1:58 of 2nd period - Wrist shot by Nathan MacKinnon.
1:58 of 2nd period - Shot Hit the Post.
2:16 of 2nd period - Wrist shot by Nathan MacKinnon.
2:16 of 2nd period - Shot Misses the Net.
2:18 of 2nd period - Slapshot by Artemi Panarin.
2:18 of 2nd period - Stopped by Samuel Montembeault with a rebound.
2:20 of 2nd period - Wrist shot by Artemi Panarin.
2:20 of 2nd period - Shot Misses the Net.
2:36 of 2nd period - Snap shot by Nathan MacKinnon.
2:36 of 2nd period - Shot Misses the Net.
2:49 of 2nd period - Off-side.
2:50 of 2nd period - Dylan Strome wins face-off versus Nick Suzuki in neutral zone.
3:02 of 2nd period - Snap shot by Dylan Guenther.
3:02 of 2nd period - Stopped by Kevin Lankinen without a rebound.
3:03 of 2nd period - Sidney Crosby wins face-off versus Dylan Strome in New York Rangers zone.
3:57 of 2nd period - Jake Walman is hit by Joshua Norris and loses puck.
4:20 of 2nd period - Snap shot by Mikael Granlund.
4:20 of 2nd period - Stopped by Samuel Montembeault with a rebound.
5:00 of 2nd period - David Kampf is hit by Jordan Kyrou and loses puck.
5:32 of 2nd period - Icing by Artemi Panarin.
5:33 of 2nd period - Dylan Strome wins face-off versus Matthew Coronato in New York Rangers zone.
5:38 of 2nd period - Wrist shot by Dylan Strome.
5:38 of 2nd period - Stopped by Samuel Montembeault with a rebound.
5:44 of 2nd period - Olli Maatta is hit by Anders Lee and loses puck.
6:07 of 2nd period - Wrist shot by Jordan Kyrou.
6:07 of 2nd period - Stopped by Kevin Lankinen with a rebound.
6:09 of 2nd period - Snap shot by Pierre-Luc Dubois.
6:09 of 2nd period - Stopped by Kevin Lankinen with a rebound.
6:29 of 2nd period - Snap shot by Nathan MacKinnon.
6:29 of 2nd period - Deflect By Artemi Panarin.
6:29 of 2nd period - Shot Blocked by Kaiden Guhle.
6:29 of 2nd period - Puck is out of play.
6:30 of 2nd period - Joshua Norris wins face-off versus Nathan MacKinnon in Hartford Whalers zone.
7:24 of 2nd period - Snap shot by Matthew Coronato.
7:24 of 2nd period - Stopped by Kevin Lankinen with a rebound.
7:26 of 2nd period - Wrist shot by Matthew Coronato.
7:26 of 2nd period - Stopped by Kevin Lankinen without a rebound.
7:27 of 2nd period - Nathan MacKinnon wins face-off versus Sidney Crosby in New York Rangers zone.
7:37 of 2nd period - Off-side.
7:38 of 2nd period - Joshua Norris wins face-off versus Nathan MacKinnon in neutral zone.
7:41 of 2nd period - Wrist shot by Jonathan Drouin.
7:41 of 2nd period - Shot Misses the Net.
7:43 of 2nd period - Slapshot by Seth Jones.
7:43 of 2nd period - Stopped by Kevin Lankinen without a rebound.
7:44 of 2nd period - Nathan MacKinnon wins face-off versus Tyson Foerster in New York Rangers zone.
7:56 of 2nd period - Icing by Jonathan Drouin.
7:57 of 2nd period - Dylan Strome wins face-off versus Joshua Norris in Hartford Whalers zone.
8:04 of 2nd period - Wrist shot by Dylan Strome.
8:04 of 2nd period - Stopped by Samuel Montembeault with a rebound.
8:14 of 2nd period - Slapshot by Jonathan Drouin.
8:14 of 2nd period - Stopped by Kevin Lankinen with a rebound.
8:16 of 2nd period - Wrist shot by Jonathan Drouin.
8:16 of 2nd period - Shot Misses the Net.
8:18 of 2nd period - Slapshot by Vladislav Gavrikov.
8:18 of 2nd period - Shot Blocked by Dylan Strome.
8:20 of 2nd period - Wrist shot by Joshua Norris.
8:20 of 2nd period - Stopped by Kevin Lankinen with a rebound.
8:22 of 2nd period - Slapshot by Vladislav Gavrikov.
8:22 of 2nd period - Deflect By Joshua Norris.
8:22 of 2nd period - Stopped by Kevin Lankinen with a rebound.
8:24 of 2nd period - Slapshot by Seth Jones.
8:24 of 2nd period - Deflect By Jonathan Drouin.
8:24 of 2nd period - Shot Misses the Net.
8:24 of 2nd period - Puck is out of play.
8:25 of 2nd period - Sidney Crosby wins face-off versus Artemi Panarin in New York Rangers zone.
8:28 of 2nd period - Wrist shot by Sidney Crosby.
8:28 of 2nd period - Shot Misses the Net.
10:01 of 2nd period - Slapshot by Artemi Panarin.
10:01 of 2nd period - Deflect By Nathan MacKinnon.
10:01 of 2nd period - Stopped by Samuel Montembeault with a rebound.
10:03 of 2nd period - Wrist shot by Nathan MacKinnon.
10:03 of 2nd period - Stopped by Samuel Montembeault without a rebound.
10:04 of 2nd period - Nathan MacKinnon wins face-off versus Pierre-Luc Dubois in Hartford Whalers zone.
10:17 of 2nd period - Wrist shot by Artemi Panarin.
10:17 of 2nd period - Stopped by Samuel Montembeault with a rebound.
10:19 of 2nd period - Slapshot by Luke Schenn.
10:19 of 2nd period - Shot Blocked by Jordan Kyrou.
10:21 of 2nd period - Wrist shot by Cole Caufield.
10:21 of 2nd period - Stopped by Samuel Montembeault with a rebound.
10:23 of 2nd period - Slapshot by Artemi Panarin.
10:23 of 2nd period - Stopped by Samuel Montembeault without a rebound.
10:24 of 2nd period - Dylan Strome wins face-off versus Anthony Cirelli in Hartford Whalers zone.
11:25 of 2nd period - Wrist shot by Joshua Norris.
11:25 of 2nd period - Stopped by Kevin Lankinen without a rebound.
11:26 of 2nd period - Nick Suzuki wins face-off versus Conor Garland in New York Rangers zone.
11:57 of 2nd period - Cole Caufield is hit by Pierre-Luc Dubois and loses puck.
12:24 of 2nd period - Wrist shot by Teuvo Teravainen.
12:24 of 2nd period - Deflect By Marcus Foligno.
12:24 of 2nd period - Shot Misses the Net.
12:24 of 2nd period - Puck is out of play.
12:25 of 2nd period - Nick Suzuki wins face-off versus Conor Garland in Hartford Whalers zone.
13:56 of 2nd period - Simon Edvinsson is hit by Dylan Strome and loses puck.
14:04 of 2nd period - Minor Penalty to Conor Garland for Holding.
14:05 of 2nd period - David Kampf wins face-off versus Sidney Crosby in New York Rangers zone.
14:13 of 2nd period - Off-side.
14:14 of 2nd period - Mikael Granlund wins face-off versus Sidney Crosby in neutral zone.
14:25 of 2nd period - Backhand shot by Nick Suzuki.
14:25 of 2nd period - Shot Misses the Net.
14:27 of 2nd period - Wrist shot by Sidney Crosby.
14:27 of 2nd period - Deflect By Dylan Guenther.
14:27 of 2nd period - Shot Blocked by Olli Maatta.
14:27 of 2nd period - Puck is out of play.
14:28 of 2nd period - Nick Suzuki wins face-off versus David Kampf in New York Rangers zone.
14:35 of 2nd period - Snap shot by Nick Suzuki.
14:35 of 2nd period - Goal by Nick Suzuki - New York Rangers : 2 - Hartford Whalers : 2.
14:36 of 2nd period - Nathan MacKinnon wins face-off versus Nick Suzuki in neutral zone.
14:45 of 2nd period - Snap shot by Nick Suzuki.
14:45 of 2nd period - Stopped by Kevin Lankinen without a rebound.
14:46 of 2nd period - Nick Suzuki wins face-off versus Nathan MacKinnon in New York Rangers zone.
14:53 of 2nd period - Snap shot by Dylan Guenther.
14:53 of 2nd period - Deflect By Nick Suzuki.
14:53 of 2nd period - Shot Hit the Post.
14:53 of 2nd period - Puck is out of play.
14:54 of 2nd period - Sidney Crosby wins face-off versus Artemi Panarin in New York Rangers zone.
15:11 of 2nd period - Snap shot by Jordan Kyrou.
15:11 of 2nd period - Shot Misses the Net.
15:33 of 2nd period - Wrist shot by Nick Suzuki.
15:33 of 2nd period - Stopped by Kevin Lankinen without a rebound.
15:34 of 2nd period - Teuvo Teravainen wins face-off versus Joshua Norris in New York Rangers zone.
15:34 of 2nd period - Teuvo Teravainen is hit by Joshua Norris.
15:40 of 2nd period - Snap shot by Teuvo Teravainen.
15:40 of 2nd period - Shot Misses the Net.
15:42 of 2nd period - Wrist shot by Teuvo Teravainen.
15:42 of 2nd period - Shot Blocked by Devon Toews.
15:44 of 2nd period - Snap shot by Marcus Foligno.
15:44 of 2nd period - Goal by Marcus Foligno - New York Rangers : 3 - Hartford Whalers : 2.
15:45 of 2nd period - Nick Suzuki wins face-off versus Nathan MacKinnon in neutral zone.
15:47 of 2nd period - Minor Penalty to Simon Edvinsson for Hooking.
15:48 of 2nd period - Nathan MacKinnon wins face-off versus Joshua Norris in Hartford Whalers zone.
16:22 of 2nd period - Wrist shot by Dylan Strome.
16:22 of 2nd period - Shot Misses the Net.
16:43 of 2nd period - Icing by Nathan MacKinnon.
16:44 of 2nd period - Nathan MacKinnon wins face-off versus Joshua Norris in New York Rangers zone.
17:38 of 2nd period - Jake Walman is hit by Anthony Cirelli and loses puck.
17:47 of 2nd period - Penalty to Simon Edvinsson is over, Simon Edvinsson is back on ice.
17:51 of 2nd period - Nick Suzuki is hit by Nathan MacKinnon and loses puck.
18:02 of 2nd period - Jordan Kyrou is hit by Tyler Motte and loses puck.
18:49 of 2nd period - Wrist shot by Anders Lee.
18:49 of 2nd period - Stopped by Kevin Lankinen with a rebound.
18:51 of 2nd period - Wrist shot by Kaapo Kakko.
18:51 of 2nd period - Stopped by Kevin Lankinen without a rebound.
18:52 of 2nd period - Anders Lee wins face-off versus Teuvo Teravainen in New York Rangers zone.
19:18 of 2nd period - Wrist shot by Cole Caufield.
19:18 of 2nd period - Shot Blocked by Devon Toews.
19:20 of 2nd period - Wrist shot by Artemi Panarin.
19:20 of 2nd period - Shot Misses the Net.
19:22 of 2nd period - Slapshot by Jake Walman.
19:22 of 2nd period - Deflect By Nathan MacKinnon.
19:22 of 2nd period - Goal by Nathan MacKinnon - New York Rangers : 4 - Hartford Whalers : 2.
19:23 of 2nd period - Nathan MacKinnon wins face-off versus Anthony Cirelli in neutral zone.
19:31 of 2nd period - Minor Penalty to Devon Toews for Holding Stick.
19:32 of 2nd period - Joshua Norris wins face-off versus Nathan MacKinnon in Hartford Whalers zone.
Goals for this period are 2 for New York Rangers vs 1 for Hartford Whalers.
Shots for this period are 11 for New York Rangers vs 17 for Hartford Whalers.

3rd period


0:01 of 3rd period - Nathan MacKinnon wins face-off versus Joshua Norris in neutral zone.
0:06 of 3rd period - Snap shot by Cole Caufield.
0:06 of 3rd period - Stopped by Samuel Montembeault without a rebound.
0:07 of 3rd period - Joshua Norris wins face-off versus Nathan MacKinnon in Hartford Whalers zone.
0:07 of 3rd period - Joshua Norris is hit by Mikael Granlund.
0:16 of 3rd period - Icing by Cole Caufield.
0:17 of 3rd period - Nathan MacKinnon wins face-off versus Nick Suzuki in New York Rangers zone.
1:19 of 3rd period - Wrist shot by Artemi Panarin.
1:19 of 3rd period - Stopped by Samuel Montembeault with a rebound.
1:21 of 3rd period - Slapshot by Nathan MacKinnon.
1:21 of 3rd period - Shot Blocked by Kaiden Guhle.
1:23 of 3rd period - Slapshot by Jake Walman.
1:23 of 3rd period - Stopped by Samuel Montembeault with a rebound.
1:25 of 3rd period - Wrist shot by Cole Caufield.
1:25 of 3rd period - Shot Blocked by Anthony Cirelli.
1:27 of 3rd period - Wrist shot by Nathan MacKinnon.
1:27 of 3rd period - Shot Blocked by Seth Jones.
1:29 of 3rd period - Slapshot by Nathan MacKinnon.
1:29 of 3rd period - Shot Misses the Net.
1:31 of 3rd period - Penalty to Devon Toews is over, Devon Toews is back on ice.
3:07 of 3rd period - Snap shot by Nathan MacKinnon.
3:07 of 3rd period - Shot Misses the Net.
3:09 of 3rd period - Slapshot by Artemi Panarin.
3:09 of 3rd period - Stopped by Samuel Montembeault with a rebound.
4:04 of 3rd period - Slapshot by Joshua Norris.
4:04 of 3rd period - Stopped by Kevin Lankinen with a rebound.
4:10 of 3rd period - Slapshot by Mikael Granlund.
4:10 of 3rd period - Stopped by Samuel Montembeault with a rebound.
4:12 of 3rd period - Wrist shot by Nathan MacKinnon.
4:12 of 3rd period - Deflect By Artemi Panarin.
4:12 of 3rd period - Stopped by Samuel Montembeault with a rebound.
4:14 of 3rd period - Snap shot by Jake Walman.
4:14 of 3rd period - Stopped by Samuel Montembeault with a rebound.
4:16 of 3rd period - Slapshot by Jake Walman.
4:16 of 3rd period - Stopped by Samuel Montembeault with a rebound.
4:32 of 3rd period - Backhand shot by Cole Caufield.
4:32 of 3rd period - Deflect By Seth Jones.
4:32 of 3rd period - Shot Blocked by Joshua Norris.
4:32 of 3rd period - Puck is out of play.
4:33 of 3rd period - Marcus Foligno wins face-off versus Sidney Crosby in Hartford Whalers zone.
4:47 of 3rd period - Minor Penalty to Timo Meier for Tripping.
4:48 of 3rd period - David Kampf wins face-off versus Sidney Crosby in New York Rangers zone.
5:03 of 3rd period - Olli Maatta is hit by Braden Schneider.
6:13 of 3rd period - Slapshot by Adam Larsson.
6:13 of 3rd period - Stopped by Samuel Montembeault with a rebound.
6:28 of 3rd period - Vladislav Gavrikov is hit by Cam Fowler and loses puck.
6:47 of 3rd period - Penalty to Timo Meier is over, Timo Meier is back on ice.
7:05 of 3rd period - Snap shot by Anders Lee.
7:05 of 3rd period - Stopped by Kevin Lankinen with a rebound.
9:54 of 3rd period - Devon Toews is hit by Timo Meier.
10:01 of 3rd period - Icing by Simon Edvinsson.
10:02 of 3rd period - Seth Jones wins face-off versus Conor Garland in Hartford Whalers zone.
10:51 of 3rd period - Jake Walman is hit by Tyson Foerster and loses puck.
11:20 of 3rd period - Dylan Strome is hit by Anders Lee and loses puck.
13:23 of 3rd period - Minor Penalty to Pierre-Luc Dubois for Goalie Interference.
13:24 of 3rd period - Nick Suzuki wins face-off versus Nathan MacKinnon in Hartford Whalers zone.
13:49 of 3rd period - Devon Toews is hit by Mikael Granlund and loses puck.
15:23 of 3rd period - Penalty to Pierre-Luc Dubois is over, Pierre-Luc Dubois is back on ice.
15:43 of 3rd period - Teuvo Teravainen is hit by Seth Jones.
15:57 of 3rd period - Snap shot by Nick Suzuki.
15:57 of 3rd period - Deflect By Teuvo Teravainen.
15:57 of 3rd period - Shot Blocked by Conor Garland.
15:57 of 3rd period - Puck is out of play.
15:58 of 3rd period - Dylan Strome wins face-off versus Sidney Crosby in New York Rangers zone.
16:11 of 3rd period - Artemi Panarin is hit by Devon Toews.
16:29 of 3rd period - Nathan MacKinnon is hit by Kaapo Kakko and loses puck.
17:00 of 3rd period - Olli Maatta is hit by Pierre-Luc Dubois.
17:07 of 3rd period - Icing by Sidney Crosby.
17:08 of 3rd period - Dylan Strome wins face-off versus Sidney Crosby in Hartford Whalers zone.
17:52 of 3rd period - Icing by Jake Walman.
17:53 of 3rd period - Dylan Strome wins face-off versus Nick Suzuki in New York Rangers zone.
19:05 of 3rd period - Wrist shot by Conor Garland.
19:05 of 3rd period - Stopped by Samuel Montembeault without a rebound.
19:06 of 3rd period - Nick Suzuki wins face-off versus Teuvo Teravainen in Hartford Whalers zone.
19:26 of 3rd period - Dylan Guenther is hit by Teuvo Teravainen and loses puck.
19:36 of 3rd period - Off-side.
19:37 of 3rd period - Joshua Norris wins face-off versus Dylan Strome in neutral zone.
19:42 of 3rd period - Conor Garland is hit by Joshua Norris and loses puck.
Goals for this period are 0 for New York Rangers vs 0 for Hartford Whalers.
Shots for this period are 10 for New York Rangers vs 2 for Hartford Whalers.